 Dungeon Crawl Stone Soup version 0.28.0-53-g5a82cb258f (webtiles) character file.

Game seed: 7223810139810840210

235 GigaChad the Covered (level 5, -5/47 HPs)
             Began as a Minotaur Fighter on Aug 19, 2022.
             Was a Follower of Cheibriados.
             Slain by Sigmund
             ... wielding a +2 scythe of venom
              (12 damage)
             ... on level 4 of the Dungeon.
             The game lasted 00:14:36 (2932 turns).

GigaChad the Covered (Minotaur Fighter)             Turns: 2932, Time: 00:14:37

Health: -5/47      AC:  7    Str: 31    XL:     5   Next: 76%
Magic:  4/4        EV: 10    Int: 14    God:    Cheibriados [*.....]
Gold:   170        SH:  4    Dex: 11    Spells: 4/4 levels left

rFire   . . .      SeeInvis .   a - +0 long sword
rCold   . . .      Faith    .   c - +0 buckler
rNeg    . . .      Spirit   .   b - +0 scale mail
rPois   .          Reflect  .   (helmet restricted)
rElec   .          Harm     .   (no cloak)
rCorr   .          Rampage  +   g - -1 pair of gloves of the Hidden Artists {Rampage Str+8 Int+5 Stlth-}
Will    .....                   (no boots)
Stlth   ..........              (no amulet)
HPRegen 0.15/turn               (no ring)
MPRegen 0.09/turn               (no ring)

@: lethally poisoned (-5 -> -12), very slow
A: horns 2, retaliatory headbutt
a: Renounce Religion, Bend Time


You were on level 4 of the Dungeon.
You worshipped Cheibriados.
Cheibriados was aware of your devotion.
You visited 1 branch of the dungeon, and saw 4 of its levels.

You collected 170 gold pieces.

Inventory:

Hand Weapons
 a - a +0 long sword (weapon)
Armour
 b - a +0 scale mail (worn)
 c - a +0 buckler (worn)
 g - the -1 pair of gloves of the Hidden Artists (worn) {Rampage Str+8 Int+5 Stlth-}
   (You acquired it on level 3 of the Dungeon)

   Str:       It affects your strength (+8).
   Int:       It affects your intelligence (+5).
   Rampage:   It bestows one free step when moving towards enemies.
   Stlth:     It makes you less stealthy.
   Cheibriados disapproves of the use of such an item.
Wands
 i - a wand of paralysis (9)
Scrolls
 k - a scroll of brand weapon {unknown}
 l - a scroll of immolation
Potions
 d - 3 potions of might
 e - 4 potions of curing
 f - 2 potions of heal wounds {unknown}
 h - a potion of berserk rage
 j - a potion of ambrosia {unknown}


   Skills:
 + Level 4.5 Fighting
 + Level 4.6 Long Blades
 + Level 5.5 Armour
 + Level 0.6 Dodging
 + Level 0.2 Stealth
 + Level 4.1 Shields


You had 4 spell levels left.
You didn't know any spells.
Your spell library contained the following spells:

 Spells                   Type           Power      Damage    Failure   Level
 Animate Armour           Summ/Erth      0%         N/A       100%        4
 Blade Hands              Tmut           0%         N/A       100%        5
 Iron Shot                Conj/Erth      0%         9d1       100%        6


Dungeon Overview and Level Annotations

Branches:
Dungeon (4/15)
 Temple: D:4-7

Altars:
Cheibriados

Annotations:
D:4 Sigmund


Innate Abilities, Weirdness & Mutations

You have a pair of horns on your head.
You reflexively headbutt those who attack you in melee.


Message History

You headbutt the phantom, but do no damage.
The phantom is lightly damaged.
You feel sick. Something hits you but does no damage.
You are more poisoned.
The phantom barely misses you.
The orc priest looks satisfied for a moment.
Unknown command.
You feel sick. The phantom hits you.
The phantom blinks!
You blink.
An orc comes into view. It is wielding a +0 club.
You feel sick.
The orc shouts!
You hear a shout!
An orc comes into view. It is wielding a +0 flail.
You block something's attack.
You slash the phantom!
The phantom is severely damaged.
You feel sick. The phantom hits you.
* * * LOW HITPOINT WARNING * * *
The orc priest begins to cast a cantrip, but forgets the words!
The phantom closely misses you. Something hits you but does no damage.
You are lethally poisoned!
Aiming: Paralyse
Press: ? - help, Shift-Dir - straight line, f - phantom
Aim: a phantom (severely damaged, chance to affect: 31%)
Okay, then.
You slash the phantom!
You destroy the phantom!
Cheibriados appreciates the change of pace.
* * * LOW HITPOINT WARNING * * *
You feel sick.
The orc throws a boomerang.
The boomerang misses you.
You slash the orc priest!
The orc priest is severely wounded.
* * * LOW HITPOINT WARNING * * *
You feel sick. The orc priest closely misses you. You furiously retaliate!
You headbutt the orc priest. Something hits you but does no damage.
You hit the orc priest.
You kill the orc priest!
Cheibriados appreciates the change of pace.
* * * LOW HITPOINT WARNING * * *
You feel sick. The orc hits you but does no damage. Something hits you!
You die...

#.###.#..# #
##..#.....
##.####..##..#
.............#
.........).<.# ##
#............#####.>.
#......#..#.{#.......
.......#..##)..$#
#...#.###.##@.#...#
##..## ..##.o.....#
... #............ ..
.............
#..#....o....
##.#.........
........... #.
.........


You could see 2 orcs.

Vanquished Creatures
  A phantom (D:4)
  A hound (D:4)
  An orc priest (D:4)
  4 adders (D:2)
  An adder skeleton (D:4)
  2 worms
  2 dart slugs (D:1)
  5 orcs (D:3)
  7 endoplasms
  4 giant cockroaches
  6 goblins
  9 hobgoblins
  3 quokkas
  10 ball pythons
  6 bats
  A frilled lizard (D:1)
  11 kobolds
  6 rats
80 creatures vanquished.

Notes
Turn   | Place    | Note
-------+----------+-------------------------------------------
     0 | D:1      | GigaChad the Minotaur Fighter began the quest for the Orb.
     0 | D:1      | Reached XP level 1. HP: 19/19 MP: 0/0
   206 | D:1      | Reached XP level 2. HP: 26/27 MP: 1/1
   286 | D:1      | Reached skill level 4 in Armour
   411 | D:1      | Reached XP level 3. HP: 27/33 MP: 2/2
  1108 | D:2      | Reached XP level 4. HP: 35/41 MP: 3/3
  1821 | D:3      | Reached skill level 5 in Armour
  2144 | D:3      | Found a faded altar of an unknown god.
  2208 | D:3      | Identified a scroll of acquirement
  2208 | D:3      | Acquired the -1 pair of gloves of the Hidden Artists
                  | {Rampage Str+8 Int+5 Stlth-}
  2217 | D:3      | Prayed at the altar of an unknown god.
  2217 | D:3      | Became a worshipper of Cheibriados the Contemplative
  2217 | D:3      | Reached * piety under Cheibriados
  2907 | D:4      | Reached XP level 5. HP: 45/47 MP: 4/4
  2918 | D:4      | Noticed Sigmund
  2918 | D:4      | Noticed a phantom
  2930 | D:4      | Killed a phantom
  2932 | D:4      | Slain by Sigmund

Illustrated notes

Levels and vault maps discovered:
D:1:      dpeg_arrival_line_fractal, layout_loops_ring, nicolae_wormholes
D:2:      layout_loops_ring, chequers_serial_rivers_micro_d, st_stairs_11
D:3:      layout_basic, hellmonk_ecumenical_altar_blasted,
          kennysheep_small_spiral
D:4:      layout_cave_pools, minmay_vboxes, uniq_eustachio, uniq_edmund,
          uniq_sigmund

Skill      XL: |  1  2  3  4 |
---------------+-------------+-----
Armour         | 4 5 |  5.5
Fighting       | 4 |  4.5
Shields        | 4 |  4.1
Long Blades    | 3 4 |  4.6
Dodging        | |  0.6
Stealth        | |  0.2

Action                   |  1- 3 |  4- 6 || total
-------------------------+-------+-------++-------
Melee: Long sword        |    76 |    79 ||   155
       Headbutt          |    12 |    13 ||    25
  Use: Scroll            |     1 |     4 ||     5
       Potion            |       |     1 ||     1
Armor: Scale mail        |    47 |    31 ||    78
Dodge: Dodged            |    41 |    43 ||    84
Block: Buckler           |    17 |    14 ||    31
